 Dungeon Crawl Stone Soup version 0.27-a0-1071-ga85bd9520d (webtiles) character file.

Game seed: 9822166437682065177

561380 gimp the Spry (level 26, -9/187 (192) HPs)
             Began as a Djinni Wanderer on Apr 24, 2021.
             Was an Elder of Hepliaklqana.
             Mangled by a vampire knight
             ... wielding a +0 great mace
              (12 damage)
             ... on level 1 of the Crypt.
             The game lasted 03:05:00 (57722 turns).

gimp the Spry (Djinni Wanderer)                    Turns: 57722, Time: 03:05:01

HP:   -9/187 (192)  AC: 25    Str: 13    XL:     26   Next: 65%
Gold: 3410          EV: 26    Int: 17    God:    Hepliaklqana [****..] SH: 14 Dex: 20

rFire    + + .     SeeInvis +   a - +9 double sword (vorpal)
rCold    + + .     Faith    .   y - +0 kite shield {reflect}
rNeg     + . .     Spirit   .   V - +3 leather armour {Will+}
rPois    ∞         Reflect  +   z - +2 helmet {SInv}
rElec    +         Harm     .   r - +2 cloak {Will+}
rCorr    .         Rampage  .   u - +4 pair of gloves of Inaction {Stlth+}
Will     ++++.                  (boots unavailable)
Stlth    +++.......             b - amulet of Vitality {Regen+ HP+15}
HPRegen  1.41/turn              c - ring of Huuxaaps {*Slow rElec rC+++ AC+4 Stlth+}
MPRegen  0.00/turn              L - ring of positive energy

@: unable to read, flying, studying Staves, lightly drained
A: reduced essence, fire resistance 2, cold vulnerability 1, float, innate
caster, hp casting, extra vitality 1, inability to read while threatened
}: 3/15 runes: decaying, silver, gossamer
a: Renounce Religion, Recall Ancestor, Ancestor Identity, Transference, Idealise


You were on level 1 of the Crypt.
You worshipped Hepliaklqana.
Hepliaklqana was greatly pleased with you.
You visited 10 branches of the dungeon, and saw 46 of its levels.
You also visited: Ice Cave and Wizlab.

You collected 9078 gold pieces.
You spent 5668 gold pieces at shops.

Inventory:

Hand Weapons
 a - a +9 vorpal double sword (weapon)
Missiles
 n - 7 boomerangs of dispersal
 F - 15 curare-tipped darts
 O - 4 throwing nets
Armour
 l - +0 fire dragon scales
 r - a +2 cloak of willpower (worn)
 u - the +4 pair of gloves of Inaction (worn) {Stlth+}
   (You found it on level 3 of the Elven Halls)

   It makes you more stealthy.
 y - a +0 kite shield of reflection (worn)
 z - a +2 helmet of see invisible (worn)
 V - a +3 leather armour of willpower (worn)
Jewellery
 b - the amulet of Vitality (around neck) {Regen+ HP+15}
   (You took it off a deep elf death mage on level 3 of the Elven Halls)

   [amulet of regeneration]

   It affects your health (+15).
   It increases your rate of health regeneration.
 c - the ring of Huuxaaps (left hand) {*Slow rElec rC+++ AC+4 Stlth+}
   (You bought it in a shop on level 3 of the Vaults)

   [ring of protection]

   It affects your AC (+4).
   It renders you almost immune to cold.
   It insulates you from electricity.
   It may slow you when you take damage.
   It makes you more stealthy.
 e - the ring of Xerretwojyu {rElec rCorr}
   (You acquired it on level 4 of the Vaults)

   [ring of resist corrosion]

   It insulates you from electricity.
   It protects you from acid and corrosion.
 p - the ring of Elyvilon's Castigation {rC+ Str+6 Int+5}
   (You took it off a deep elf elementalist on level 3 of the Elven Halls)

   [ring of strength]

   It affects your strength (+6).
   It affects your intelligence (+5).
   It protects you from cold.
 E - a ring of willpower
 L - a ring of positive energy (right hand)
 R - a ring of wizardry
 S - a ring of protection from fire
Wands
 s - a wand of flame (130)
 t - a wand of acid (43)
 A - a wand of digging (18)
 B - a wand of paralysis (21)
 H - a wand of iceblast (87)
 P - a wand of mindburst (43) (quivered)
Scrolls
 d - 6 scrolls of brand weapon
 i - 6 scrolls of fear
 j - 4 scrolls of silence
 v - 2 scrolls of blinking
 w - 19 scrolls of teleportation
 C - 9 scrolls of fog
 N - 13 scrolls of identify
 Q - 11 scrolls of magic mapping
 W - 2 scrolls of summoning
 X - 2 scrolls of enchant weapon
Potions
 f - 4 potions of might
 g - 3 potions of invisibility
 k - 9 potions of mutation
 m - 4 potions of heal wounds
 o - 9 potions of haste
 q - 7 potions of curing
 x - 3 potions of resistance
 D - 8 potions of ambrosia
 G - 2 potions of brilliance
 T - 5 potions of cancellation
Miscellaneous
 J - a phantom mirror
 K - a box of beasts
 U - a condenser vane (inert)
 Y - a tin of tremorstones (inert)


   Skills:
 - Level 19.0 Fighting
 - Level 5.0(10.3) Short Blades
 - Level 13.6(14.0) Long Blades
 - Level 7.3 Crossbows
 - Level 1.5 Throwing
 * Level 15.5 Armour
 - Level 20.0 Dodging
 - Level 15.0 Shields
 + Level 15.3 Spellcasting
 - Level 15.0 Invocations
 - Level 15.0 Evocations


You couldn't memorise any spells.
You knew the following spells:

 Your Spells              Type           Power      Damage    Failure   Level
a - Sting                 Tmut/Pois      100%       1d8       0%          1
b - Slow                  Hex            60%        N/A       0%          2
c - Swiftness             Air            60%        N/A       1%          3
d - Lesser Beckoning      Tloc           30%        N/A       1%          3
e - Summon Lightning Spi  Summ/Air       60%        N/A       1%          4
f - Alistair's Intoxicat  Tmut/Pois      40%        N/A       1%          5
g - Eringya's Noxious Bo  Tmut/Pois      30%        N/A       1%          6
h - Monstrous Menagerie   Summ           30%        N/A       9%          7
i - Dispersal             Tloc           30%        N/A       1%          6
j - Orb of Destruction    Conj           30%        9d11      9%          7
k - Disjunction           Tloc           30%        N/A       56%         8
l - Fire Storm            Conj/Fire      30%        8d8       100%        9
Your spell library was empty.


Dungeon Overview and Level Annotations

Branches:
Dungeon (15/15)            Temple (1/1) D:5            Lair (6/6) D:8
  Swamp (4/4) Lair:4       Spider (4/4) Lair:2        Slime (0/5) Lair:6
    Orc (2/2) D:12            Elf (3/3) Orc:2        Vaults (5/5) D:14
  Crypt (1/3) Vaults:2     Depths (5/5) D:15            Zot (0/5) Depths:5
  IceCv (visited)          WizLab (visited)

Altars:
Ashenzari
Cheibriados
Dithmenos
Elyvilon
Fedhas
Gozag
Hepliaklqana
Kikubaaqudgha
Makhleb
Nemelex Xobeh
Okawaru
Qazlal
Ru
Sif Muna
Trog
Uskayaw
Vehumet
Wu Jian
Xom
Yredelemnul
Zin
The Shining One
Beogh
Jiyva
Lugonu

Shops:
D:7 [(?[   Orc:2 [(![:   Elf:1 ?   Elf:2 (   Vaults:3 =   Depths:1 =:(
Depths:3 (   Depths:4 [   Depths:5 *

Portals:
Hell: Depths:1 Depths:2 Depths:3 Depths:4 Depths:5
Abyss: Depths:2 Depths:4 Depths:5
Pandemonium: Depths:1 Depths:3 Depths:5
Ziggurat: Depths:2

Annotations:
Lair:3 exclusion: 4 oklob plants
Elf:2 2 runed translucent doors
Depths:4 2 runed translucent doors


Innate Abilities, Weirdness & Mutations

Your life essence is reduced to manifest your ancestor. (-10% HP)
You are immune to poison.
Your flesh is very heat resistant. (rF++)
You are vulnerable to cold. (rC-)
You float through the air rather than walking.
You learn spells naturally, not from books.
Your magical power is your life essence.
You have superior vitality. (+4 HP)
You sometimes lose the ability to read scrolls when taking damage.


Message History

You block the vampire knight's attack. The vampire knight barely misses you.
You take 4 damage, and have 48/186 hp.
You slice the jiangshi!!
The jiangshi is moderately damaged.
The death knight reflects your damage back at you!
The jiangshi claws you but does no damage.
The jiangshi claws you!
* * * LOW HITPOINT WARNING * * *
A jiangshi comes into view.
The vampire knight completely misses you. x2
The death knight is engulfed in poison gas.
The death knight looks as sick as possible!
You kill the death knight!
Your damage is reflected back at you!
You take 8 damage, and have 40/187 hp.
You barely miss the jiangshi.
The jiangshi is moderately damaged.
You block the vampire knight's attack. The vampire knight barely misses you.
You hit the jiangshi but do no damage.
The jiangshi is moderately damaged.
The vampire knight hits you with a +0 great mace.
* * * LOW HITPOINT WARNING * * *
The vampire knight bites you!
* * * LOW HITPOINT WARNING * * *
The vampire knight hits you with a +0 great mace!!
* * * LOW HITPOINT WARNING * * *
The vampire knight misses you.
You take 33 damage, and have 8/187 hp.
You cannot read scrolls in your current state!
You slash the jiangshi!
The jiangshi is heavily damaged.
The vampire knight hits you with a +0 great mace!
* * * LOW HITPOINT WARNING * * *
The vampire knight closely misses you.
You take 6 damage, and have 2/187 hp.
You slice the jiangshi!!
You destroy the jiangshi!
The vampire knight is no longer moving quickly.
The vampire knight hits you with a +0 great mace!
You die...

...........?..........
#..).#########.#.#####
#....###....##.#.#####
...[..#..#............
#....#..#..###.#.#####
##.#....#.## #.#.#
......##..####.#.#
..#.##)...##...#.#
..#.......##...#@#
.#........##...#V#
.#.....#.......#z#
#....##........#W#
....#.(........#§#
....#...######)§V#
...#....# #....§§#
##.#.#### #.(.)§§#
.... #..).#.# #


You could see a vampire knight (invisible), a skeletal warrior, a jiangshi and a
shadow wraith (invisible).

Vanquished Creatures
  3 dread liches
  An ancient lich (Vaults:5)
  Boris (Crypt:1)
  the Lernaean hydra (Swamp:4)
  3 golden dragons
  A caustic shrike (Depths:4)
  2 bone dragons (Depths:5)
  Jorgrun (Orc:1)
  A tentacled monstrosity (Vaults:5)
  3 titans (Vaults:5)
  2 deep elf master archers (Elf:3)
  2 deep elf blademasters (Elf:3)
  3 liches
  4 sphinxes
  An ancient champion (Crypt:1)
  4 tengu reavers (Vaults:5)
  2 tentacled starspawn (WizLab)
  A thorn hunter (Swamp:3)
  2 eldritch tentacles
  A storm dragon (Vaults:5)
  A fenstrider witch (shapeshifter) (Vaults:5)
  Roxanne (Elf:3)
  A draconian monk (Depths:5)
  2 azure jellies (Vaults:3)
  8 fire giants
  6 shadow dragons
  An orc warlord (Vaults:3)
  2 balrugs
  6 frost giants
  3 deep elf sorcerers
  6 deep elf elementalists (Elf:3)
  8 vault wardens
  A draconian scorcher (Depths:5)
  3 emperor scorpions (Spider:4)
  A curse skull (Crypt:1)
  2 ghost moths (Spider:4)
  3 spectral caustic shrikes (Depths:2)
  A ghoul (Crypt:1)
  11 ironbound preservers
  A reaper (Depths:3)
  15 stone giants
  19 very ugly things
  Nessos (D:14)
  2 war gargoyles
  A bunyip (Swamp:4)
  4 deep elf demonologists
  4 vampire knights
  2 white draconians
  6 deep elf annihilators
  5 dire elephants
  A yellow draconian (Depths:5)
  2 entropy weavers
  7 spark wasps
  2 eidola (Crypt:1)
  The ghost of noodleboyJ the Blocker, a journeyman DrFi of Qazlal (Lair:2)
  3 eleionomae
  14 deep elf death magi
  7 ettins
  A crystal guardian (Vaults:3)
  8 yaktaur captains
  2 jiangshi (Crypt:1)
  5 great orbs of eyes
  7 fire dragons
  6 deep elf high priests
  2 rakshasas
  4 ironbound thunderhulks
  18 hydras
  A peacekeeper (Vaults:2)
  Harold (Orc:1)
  4 quicksilver dragon skeletons
  7 ice dragons
  3 spriggan air magi
  10 boulder beetles
  29 vault guards
  3 ironbound frosthearts
  Erica (D:11)
  A death knight (Crypt:1)
  22 centaur warriors
  10 alligators
  6 ogre magi
  3 catoblepae
  14 two-headed ogres
  A deep troll shaman (Depths:1)
  5 tengu warriors
  4 death yaks
  2 orc high priests
  2 spriggan berserkers
  Urug (D:14)
  10 dancing weapons
  6 deep troll earth magi
  3 hell hogs (Depths:1)
  15 hell knights
  5 ironbound beastmasters
  4 soul eaters
  3 sun demons
  12 skeletal warriors
  17 deep elf knights
  A salamander mystic (Depths:5)
  2 sixfirhies (WizLab)
  2 fire crabs
  6 iron trolls
  A quicksilver dragon simulacrum (Depths:1)
  2 death drakes
  5 wizards
  4 spriggan druids
  6 goliath frogs
  An obsidian statue (WizLab)
  5 swamp dragons
  Pikel (D:8)
  9 bog bodies
  38 deep trolls
  A flayed ghost (Depths:3)
  8 ironbound convokers
  A glowing orange brain (Depths:1)
  A swamp dragon (shapeshifter) (D:14)
  4 lindwurms
  12 deep elf archers
  4 phantasmal warriors
  6 necromancers
  35 ugly things
  2 mana vipers (Vaults:3)
  34 deep elf pyromancers
  9 orc knights
  A sphinx skeleton (Crypt:1)
  5 wolf spider zombies (Spider:2)
  An iron dragon zombie (Crypt:1)
  An orc sorcerer (Orc:1)
  A fire giant zombie (Crypt:1)
  13 orb spiders
  An oklob plant (Lair:5)
  A salamander (Depths:5)
  22 wolf spiders
  6 manticores
  27 deep elf zephyrmancers
  3 cyclopes
  4 moths of wrath
  A worldbinder (WizLab)
  5 black mambas
  A frost giant skeleton (Crypt:1)
  16 elephants
  A will-o-the-wisp (Swamp:2)
  10 vault sentinels
  A rust devil (Depths:5)
  A stone giant skeleton (Depths:2)
  2 ice statues (Vaults:3)
  15 cane toads
  4 orange demons
  2 human skeletons (WizLab)
  5 torpor snails
  2 spriggan skeletons
  2 rime drakes (Lair:6)
  A freezing wraith (Vaults:5)
  6 komodo dragons
  5 demonic crawlers
  10 yaktaurs
  An ice devil (WizLab)
  2 ancient zymes (WizLab)
  9 redback zombies (Spider:2)
  An anaconda simulacrum (Vaults:3)
  3 tengu conjurers
  5 red devils
  A meliai (D:14)
  A queen bee (D:9)
  14 hornets
  3 polar bears
  34 jumping spiders
  10 trolls
  7 tyrant leeches
  A hydra zombie (Crypt:1)
  A bloated husk (Swamp:3)
  28 slime creatures
  11 tarantella zombies (Spider:2)
  17 blink frogs
  60 redbacks
  4 air elementals
  13 spriggans
  21 tarantellas
  3 wraiths (Crypt:1)
  A human (shapeshifter) (Elf:3)
  4 wyverns
  4 fire elementals
  A chaos spawn (WizLab)
  2 basilisks
  33 yaks
  A neqoxec (Depths:5)
  3 water elementals
  12 vampire mosquitoes
  A steam dragon (D:6)
  16 humans (D:14)
  4 spatial vortices
  5 wargs
  10 swamp worms
  A floating eye (Depths:5)
  A hell hound (WizLab)
  13 water moccasins
  7 ice beasts (D:11)
  7 swamp drakes
  A fire dragon simulacrum (Vaults:3)
  13 orc warriors
  2 black bears
  A sky beast (D:7)
  An elf simulacrum (Depths:2)
  An elephant zombie (Lair:3)
  18 ogres
  6 boggarts
  17 wolves
  8 centaurs
  2 lemures (D:8)
  A phantom (D:2)
  A kobold brigand (D:8)
  2 komodo dragon zombies (Lair:3)
  6 scorpions
  12 bullfrogs
  3 earth elementals
  23 killer bees
  A water moccasin skeleton (D:5)
  2 elephant simulacra (Vaults:3)
  4 electric eels
  3 howler monkeys (D:11)
  A wight (D:8)
  A lava snake (Vaults:3)
  A bullfrog zombie (D:7)
  A centaur skeleton (D:5)
  A centaur zombie (D:7)
  A basilisk zombie (Lair:3)
  A hound (D:6)
  12 orc priests
  A bullfrog skeleton (D:5)
  10 orc wizards
  A scorpion zombie (D:5)
  12 hexers
  3 iguanas
  2 small abominations (WizLab)
  A troll simulacrum (Vaults:3)
  A naga skeleton (Crypt:1)
  5 adders
  2 naga simulacra (Vaults:3)
  A shadow imp (D:7)
  An ufetubus (D:5)
  An adder skeleton (D:5)
  3 worms
  4 dart slugs
  67 orcs
  A bat (shapeshifter) (Depths:3)
  6 endoplasms
  A giant cockroach (D:1)
  6 goblins
  6 hobgoblins
  9 jackals
  A quokka (D:4)
  6 ball pythons
  5 bats
  3 frilled lizards
  11 kobolds
  9 rats
  4 starspawn tentacles (WizLab)
1543 creatures vanquished.

Vanquished Creatures (collateral kills)
  A juggernaut (Depths:4)
  Bai Suzhen (Vaults:3)
  Rupert (Orc:1)
  A tentacled monstrosity (Vaults:5)
  A titan (Vaults:5)
  Gastronok (D:9)
  4 sphinxes
  2 storm dragons
  A shadow dragon (Vaults:5)
  3 fire giants
  2 balrugs (Depths:1)
  3 vault wardens
  A frost giant (Vaults:5)
  2 ghost moths
  An emperor scorpion (Spider:1)
  A deep elf elementalist (Elf:3)
  12 very ugly things
  5 ironbound preservers
  2 stone giants
  A dire elephant (Vaults:2)
  2 entropy weavers
  A bunyip (Swamp:4)
  A white draconian (Depths:5)
  2 deep elf annihilators (Elf:3)
  A red draconian (Depths:5)
  5 ettins
  3 eleionomae
  6 yaktaur captains
  2 deep elf death magi
  A great orb of eyes (Depths:3)
  3 fire dragons
  A rakshasa (WizLab)
  7 vault guards
  A deep elf high priest (Vaults:5)
  2 ice dragons
  An ironbound thunderhulk (Vaults:1)
  8 hydras
  3 ironbound frosthearts
  A merfolk avatar (Lair:6)
  2 spriggan air magi
  2 alligators
  8 centaur warriors
  2 ogre magi
  3 tengu warriors
  2 dancing weapons
  2 two-headed ogres (Orc:2)
  A deep troll earth mage (Depths:5)
  2 ironbound beastmasters
  2 soul eaters (Depths:1)
  2 deep elf knights
  A hell knight (Depths:4)
  A goliath frog (Swamp:2)
  2 iron trolls (Depths:5)
  8 deep trolls
  2 bog bodies (Swamp:4)
  2 skeletal warriors (D:15)
  A death drake (Swamp:1)
  5 swamp dragons (Swamp:4)
  2 spriggan druids
  A tengu zombie (Depths:2)
  A phantasmal warrior (Vaults:5)
  4 wizards
  2 deep elf archers
  A glowing orange brain (Depths:3)
  3 lindwurms
  2 orb spiders (Spider:4)
  2 necromancers
  9 deep elf zephyrmancers
  4 deep elf pyromancers
  2 orc knights
  5 ironbound convokers
  4 wolf spiders
  2 salamanders (Depths:5)
  2 will-o-the-wisps
  3 manticores
  9 ugly things
  An orc sorcerer (D:12)
  A cyclops (Orc:2)
  Maurice (Orc:2)
  A moth of wrath (Spider:2)
  A nameless horror (Elf:3)
  4 elephants
  A vault sentinel (Vaults:5)
  7 cane toads
  2 black mambas (Lair:6)
  2 molten gargoyles (Vaults:3)
  2 smoke demons
  4 rime drakes (Lair:6)
  5 komodo dragons
  4 yaktaurs
  A kobold demonologist (D:13)
  A hellwing (Depths:5)
  2 trolls
  A jumping spider (shapeshifter) (D:14)
  2 demonic crawlers
  2 meliai (D:14)
  4 jumping spiders
  5 hornets
  2 polar bears
  A tyrant leech (Swamp:2)
  11 slime creatures
  5 blink frogs
  4 tarantellas
  A wyvern (shapeshifter) (Depths:5)
  4 spriggans
  5 basilisks
  16 redbacks
  2 wraiths
  11 yaks
  A vampire mosquito (Swamp:1)
  A swamp worm (Swamp:2)
  A harpy simulacrum (Vaults:3)
  3 water moccasins
  An acid dragon (D:9)
  An ice beast (D:11)
  An elephant zombie (Lair:3)
  8 orc warriors
  A lindwurm zombie (Crypt:1)
  5 ogres
  A swamp drake (Swamp:1)
  2 centaurs
  7 wolves
  A kobold brigand (D:13)
  2 bullfrogs (Lair:5)
  2 earth elementals (Elf:3)
  A wyvern skeleton (D:5)
  2 killer bees (D:9)
  2 wights (D:8)
  3 centaur zombies
  A jelly (D:6)
  4 orc priests
  A centaur skeleton (D:5)
  12 orc wizards
  A howler monkey skeleton (D:6)
  An adder (D:5)
  A white imp (D:6)
  18 orcs
  4 kobolds
  A spectral orc (Depths:4)
411 creatures vanquished.

Vanquished Creatures (others)
  A frost giant (Vaults:5)
  A deep elf elementalist (Elf:3)
  A very ugly thing (Depths:4)
  A fire dragon (Depths:3)
  A rakshasa (Depths:4)
  An ogre mage (Vaults:3)
  A centaur warrior (Vaults:3)
  A two-headed ogre (Orc:1)
  2 deep elf knights (Elf:3)
  A deep troll (Vaults:2)
  A bog body (Swamp:3)
  A deep elf pyromancer (Elf:2)
  2 deep elf zephyrmancers
  A will-o-the-wisp (Swamp:3)
  A jumping spider (Spider:3)
  5 bloated husks
  A hornet (Swamp:3)
  A blink frog (WizLab)
  A spriggan (Swamp:3)
  A spatial vortex (WizLab)
  A swamp drake (Swamp:4)
  61 hexers
  An orc wizard (D:6)
  6 ancestors
  An ufetubus (IceCv)
  24 foxfires
  39 fungi
  113 plants
  2 starspawn tentacles (WizLab)
274 creatures vanquished.

Grand Total: 2228 creatures vanquished

Notes
Turn   | Place    | Note
-------+----------+-------------------------------------------
     0 | D:1      | gimp the Djinni Wanderer began the quest for the Orb.
     0 | D:1      | Reached XP level 1. HP: 18/18 MP: 0/0
    39 | D:1      | Found a faded altar of an unknown god.
   144 | D:1      | Became a worshipper of the Shining One
   144 | D:1      | Reached * piety under the Shining One
   295 | D:1      | Reached XP level 2. HP: 22/24 MP: 0/0
  1014 | D:1      | Reached XP level 3. HP: 21/30 MP: 0/0
  1014 | D:1      | Learned a level 1 spell: Sting
  2133 | D:3      | Reached ** piety under the Shining One
  2159 | D:3      | Reached XP level 4. HP: 27/35 MP: 0/0
  2885 | D:3      | Found a snail-covered altar of Cheibriados.
  3137 | D:3      | Found a hide-covered altar of Uskayaw.
  3472 | D:4      | Found a sparkling altar of Nemelex Xobeh.
  3507 | D:4      | Noticed a phantom
  3511 | D:4      | Noticed a scorpion
  3613 | D:2      | Killed a phantom
  3614 | D:2      | Reached skill level 1 in Spellcasting
  3614 | D:2      | Reached XP level 5. HP: 39/40 MP: 0/0
  3614 | D:2      | Learned a level 2 spell: Slow
  3646 | D:3      | Reached XP level 6. HP: 33/46 MP: 0/0
  4056 | D:4      | Identified the +6 hunting sling of Law {venom, rPois Int+3}
  4182 | D:4      | Found a broken altar of Ashenzari.
  4365 | D:5      | Entered Level 5 of the Dungeon
  4399 | D:5      | Reached skill level 5 in Short Blades
  4557 | D:5      | Reached skill level 1 in Dodging
  4649 | D:5      | Found a staircase to the Ecumenical Temple.
  4708 | D:5      | Reached skill level 2 in Dodging
  4727 | Temple   | Entered the Ecumenical Temple
  4779 | Temple   | Fell from the grace of the Shining One
  4779 | Temple   | Became a worshipper of Hepliaklqana the Forgotten
  4858 | D:5      | Reached XP level 7. HP: 32/45 MP: 0/0
  4858 | D:5      | Learned a level 3 spell: Swiftness
  5030 | D:5      | Reached skill level 3 in Dodging
  5241 | D:6      | Reached skill level 4 in Dodging
  5259 | D:6      | Noticed a steam dragon
  5270 | D:6      | Killed a steam dragon
  5271 | D:6      | Reached XP level 8. HP: 46/50 MP: 0/0
  5307 | D:6      | Reached skill level 5 in Dodging
  5393 | D:6      | Reached skill level 5 in Spellcasting
  5462 | D:6      | Reached * piety under Hepliaklqana
  5475 | D:6      | Reached skill level 6 in Dodging
  5585 | D:6      | Found a sacrificial altar of Ru.
  5803 | D:6      | Reached XP level 9. HP: 43/54 MP: 0/0
  5803 | D:6      | Learned a level 3 spell: Lesser Beckoning
  6241 | D:7      | Found Emyw's Antique Armour Shoppe.
  6294 | D:7      | Bought a runed ring mail for 140 gold pieces
  6294 | D:7      | Bought a pair of gloves for 90 gold pieces
  6311 | D:7      | Found Gowki's Magic Scroll Shoppe.
  6319 | D:7      | Bought a scroll of noise for 10 gold pieces
  6319 | D:7      | Bought a scroll of teleportation for 30 gold pieces
  6319 | D:7      | Bought a scroll of teleportation for 30 gold pieces
  6460 | D:7      | Found Lelovor's Antique Weapon Shoppe.
  6480 | D:7      | Found Foeseysk's Armour Boutique.
  6611 | D:8      | Reached skill level 1 in Invocations
  6622 | D:8      | Found a staircase to the Lair.
  6669 | D:8      | Found a shimmering altar of Xom.
  6673 | D:8      | Noticed Pikel
  6721 | D:8      | Killed Pikel
  6722 | D:8      | Reached skill level 5 in Crossbows
  6811 | D:8      | Reached skill level 1 in Shields
  6850 | D:8      | Found a glowing silver altar of Zin.
  6926 | D:8      | Reached XP level 10. HP: 44/60 MP: 0/0
  7107 | D:8      | Reached ** piety under Hepliaklqana
  7107 | D:8      | Found an iron altar of Okawaru.
  7126 | D:8      | Remembered your ancestor Amyrtaeus as a hexer
  7143 | D:8      | Found a bloodstained altar of Trog.
  7178 | D:8      | Reached skill level 5 in Invocations
  7312 | D:8      | Found an opulent altar of Gozag.
  7371 | D:8      | Noticed a two-headed ogre
  7448 | D:8      | Killed a two-headed ogre
  7626 | D:9      | Noticed a two-headed ogre
  7935 | D:9      | Killed a two-headed ogre
  7936 | D:9      | Reached XP level 11. HP: 49/63 MP: 0/0
  7936 | D:9      | Learned a level 4 spell: Summon Lightning Spire
  7984 | D:9      | Noticed Gastronok
  8008 | D:9      | Killed Gastronok
  8524 | D:10     | Entered Level 10 of the Dungeon
  8580 | D:10     | Found the +0 mask of the Dragon {Will+ Slay+3 SInv}
  8841 | D:10     | Reached *** piety under Hepliaklqana
  9631 | D:11     | Found a frozen archway.
  9671 | D:11     | Reached skill level 10 in Invocations
  9709 | IceCv    | Entered an ice cave
 10023 | D:11     | Reached **** piety under Hepliaklqana
 10129 | D:11     | Noticed Erica
 10131 | D:11     | Noticed a centaur warrior
 10154 | D:11     | Killed a centaur warrior
 10156 | D:11     | Killed Erica
 10157 | D:11     | Reached XP level 12. HP: 29/70 MP: 0/0
 10376 | D:12     | Found a staircase to the Orcish Mines.
 10553 | D:12     | Found a shadowy altar of Dithmenos.
 10632 | D:12     | Identified the +8 falchion of Inference {flame, rElec rC+
                  | Will- Int+3}
 10955 | D:12     | Reached skill level 5 in Fighting
 11408 | Lair:1   | Entered Level 1 of the Lair of Beasts
 11444 | Lair:1   | Found a stormy altar of Qazlal.
 11976 | Lair:2   | Noticed a five-headed hydra
 11986 | Lair:2   | Killed a two-headed hydra
 12009 | Lair:2   | Found a bloodstained altar of Trog.
 12009 | Lair:2   | Noticed noodleboyJ's ghost (journeyman DrFi)
 12112 | Lair:2   | Reached ***** piety under Hepliaklqana
 12382 | Lair:2   | Reached skill level 1 in Long Blades
 12519 | Lair:2   | Found a hole to the Spider Nest.
 12548 | Lair:2   | Found a transporter.
 12550 | Lair:2   | Found a transporter.
 13043 | Lair:3   | Reached XP level 13. HP: 63/82 MP: 0/0
 13043 | Lair:3   | Learned a level 5 spell: Alistair's Intoxication
 13180 | Lair:3   | Reached skill level 7 in Dodging
 14031 | D:7      | Bought a scroll of acquirement for 520 gold pieces
 14031 | D:7      | Acquired a manual of Fighting
 14202 | Lair:4   | Reached skill level 8 in Dodging
 14482 | Lair:4   | Reached skill level 5 in Long Blades
 14967 | Lair:4   | Reached skill level 10 in Fighting
 15012 | Lair:4   | Reached skill level 9 in Dodging
 15120 | Lair:4   | Found a staircase to the Swamp.
 15332 | Lair:4   | Reached skill level 1 in Evocations
 15472 | Lair:5   | Reached XP level 14. HP: 60/92 MP: 0/0
 16461 | Lair:6   | Entered Level 6 of the Lair of Beasts
 16847 | Lair:6   | Reached skill level 5 in Evocations
 17357 | Lair:6   | Found a viscous altar of Jiyva.
 17357 | Lair:6   | Found a staircase to the Slime Pits.
 17489 | Lair:6   | Reached XP level 15. HP: 97/103 MP: 0/0
 17489 | Lair:6   | Learned a level 6 spell: Eringya's Noxious Bog
 18124 | D:7      | Bought a scroll of acquirement for 520 gold pieces
 18124 | D:7      | Acquired 937 gold pieces
 18166 | D:7      | Bought a +2 leather armour of willpower for 247 gold pieces
 18223 | D:7      | Bought a shiny kite shield for 150 gold pieces
 18336 | Orc:1    | Entered Level 1 of the Orcish Mines
 18629 | Orc:1    | Noticed Harold
 18644 | Orc:1    | Killed Harold
 18919 | Orc:2    | Entered Level 2 of the Orcish Mines
 18919 | Orc:2    | Noticed Rupert
 18936 | Orc:2    | Noticed Jorgrun
 19092 | Spider:1 | Entered Level 1 of the Spider Nest
 19336 | Spider:1 | Noticed an emperor scorpion
 19365 | Spider:1 | Killed an emperor scorpion
 19366 | Spider:1 | Reached skill level 5 in Shields
 20157 | Spider:1 | Reached skill level 10 in Long Blades
 20211 | Spider:2 | Killed a ghost moth
 20212 | Spider:2 | Reached skill level 15 in Fighting
 21082 | Spider:2 | Reached XP level 16. HP: 94/113 MP: 0/0
 21614 | Spider:3 | Reached XP level 17. HP: 117/117 MP: 0/0
 21614 | Spider:3 | Learned a level 7 spell: Monstrous Menagerie
 22430 | Spider:4 | Entered Level 4 of the Spider Nest
 22980 | Spider:4 | Reached skill level 10 in Shields
 23562 | Spider:4 | Reached skill level 10 in Dodging
 23647 | Spider:4 | Got a gossamer rune of Zot
 23938 | Swamp:1  | Entered Level 1 of the Swamp
 24322 | Orc:1    | Killed Jorgrun
 24329 | Orc:1    | Reached XP level 18. HP: 100/125 MP: 0/0
 24591 | Orc:1    | Killed Rupert
 24827 | Orc:2    | Found Omnuceb's Distillery.
 24860 | Orc:2    | Found a staircase to the Elven Halls.
 25090 | Orc:2    | Noticed Maurice
 25102 | Orc:2    | Killed Maurice
 25505 | Orc:2    | Reached skill level 11 in Dodging
 25708 | Orc:2    | Found Ohaletri's Antique Weapon Boutique.
 25712 | Orc:2    | Found Yrrosesch's Book Shoppe.
 25712 | Orc:2    | Found Qaoderemm's Armour Emporium.
 25716 | Orc:2    | Found Qagur's Armour Shoppe.
 27302 | D:14     | Identified the +0 robe "Soakuwiz" {Str+3}
 27329 | D:14     | Noticed Urug
 27330 | D:14     | Found a gate to the Vaults.
 27331 | D:14     | Noticed Nessos
 27338 | D:14     | Reached skill level 10 in Evocations
 27342 | D:14     | Killed Urug
 27347 | D:14     | Killed Nessos
 27806 | D:14     | Found a broken altar of Ashenzari.
 27827 | D:14     | Reached skill level 12 in Dodging
 28055 | D:15     | Entered Level 15 of the Dungeon
 28109 | D:15     | Found a hazy altar of Hepliaklqana.
 29106 | D:15     | Found a staircase to the Depths.
 30057 | Swamp:1  | Reached XP level 19. HP: 110/130 MP: 0/0
 30057 | Swamp:1  | Learned a level 6 spell: Dispersal
 31909 | Swamp:4  | Entered Level 4 of the Swamp
 32854 | Swamp:4  | Noticed the 27-headed Lernaean hydra
 32862 | Swamp:4  | Killed the 26-headed Lernaean hydra
 32898 | Swamp:4  | Got a decaying rune of Zot
 33322 | Vaults:1 | Entered Level 1 of the Vaults
 33487 | Vaults:1 | Reached XP level 20. HP: 135/135 MP: 0/0
 33563 | Vaults:1 | Identified the -2 pair of boots of Words of Power {rPois
                  | rC+ Stlth+}
 34627 | Vaults:1 | Identified the +2 robe of Dice, Bag, and Bottle {Will+}
 34645 | Vaults:1 | Reached skill level 15 in Shields
 35567 | Lair:2   | Killed noodleboyJ's ghost
 35923 | Vaults:2 | HP: 1/135 [ironbound frostheart/frost (44)]
 36167 | Vaults:2 | Reached skill level 13 in Dodging
 36447 | Vaults:2 | Reached ****** piety under Hepliaklqana
 37448 | Vaults:2 | Reached skill level 15 in Invocations
 37456 | Vaults:2 | Reached XP level 21. HP: 81/141 MP: 0/0
 37456 | Vaults:2 | Learned a level 7 spell: Orb of Destruction
 37604 | Vaults:2 | Found a staircase to the Crypt.
 37604 | Vaults:2 | Found a basalt altar of Yredelemnul.
 37790 | Vaults:3 | Found Fal Igu's Jewellery Shoppe.
 38198 | Vaults:2 | Reached skill level 14 in Dodging
 38385 | Vaults:3 | Bought the ring of Huuxaaps {*Slow rElec rC+++ AC+4 Stlth+}
                  | for 1233 gold pieces
 38456 | Vaults:3 | Reached skill level 10 in Spellcasting
 38586 | Vaults:3 | Identified the Disquisition on Contamination
 39007 | Vaults:3 | Identified the Volume of the Voyage
 39062 | Vaults:3 | Identified the Volume of the Blaze
 39165 | Vaults:3 | Noticed Bai Suzhen
 39193 | Vaults:3 | Killed Bai Suzhen
 39688 | Vaults:3 | Identified the Guide on the Snowflakes
 40027 | Vaults:4 | Reached skill level 15 in Dodging
 40111 | Vaults:4 | Acquired the ring of Xerretwojyu {rElec rCorr}
 40681 | Vaults:4 | Reached XP level 22. HP: 147/147 MP: 0/0
 41390 | Depths:1 | Entered Level 1 of the Depths
 41424 | Depths:1 | Found a magical portal.
 41436 | WizLab   | Entered The Roulette of Golubria
 41436 | WizLab   | Found a transporter.
 41439 | WizLab   | Found a corrupted altar of Lugonu.
 41472 | WizLab   | Found a transporter.
 41483 | WizLab   | Found a transporter.
 41548 | WizLab   | Found a transporter.
 41588 | WizLab   | Found a transporter.
 41627 | WizLab   | Found a corrupted altar of Lugonu.
 41641 | WizLab   | Found a transporter.
 41648 | WizLab   | Found a transporter.
 41708 | WizLab   | Found a transporter.
 41749 | WizLab   | Found a transporter.
 41854 | WizLab   | Found a transporter.
 41855 | WizLab   | Found a transporter.
 41907 | WizLab   | Found a transporter.
 41950 | WizLab   | Found a transporter.
 42039 | WizLab   | Found a transporter.
 42039 | WizLab   | Found a transporter.
 42090 | WizLab   | Found a transporter.
 42090 | WizLab   | Found a transporter.
 42255 | WizLab   | Found a transporter.
 42262 | WizLab   | Found a transporter.
 42298 | WizLab   | Identified the +1 cloak of Unreason {rPois}
 42599 | Depths:1 | Found Nezu's Jewellery Shoppe.
 42599 | Depths:1 | Found Maniklae's Book Shop.
 42600 | Depths:1 | Found Inigig's Book Shop.
 42676 | Depths:1 | Found a gateway to Hell.
 42681 | Depths:1 | HP: 7/148 [soul eater/drain life (20)]
 42683 | Depths:1 | HP: 2/148 [soul eater/drain life (9)]
 43155 | Depths:1 | Found Syng's Antique Weapon Emporium.
 43210 | Depths:1 | Found a one-way gate leading to the halls of Pandemonium.
 43551 | Depths:1 | Identified the +2 demon whip "Qerien" {protect, Fly Str-4
                  | Dex-4 Stlth+}
 43567 | Depths:1 | HP: 7/148 [soul eater/drain life (16)]
 44135 | Depths:2 | Found a one-way gate to the infinite horrors of the Abyss.
 44500 | Depths:2 | Found a gateway to a ziggurat.
 44501 | Depths:2 | Noticed a dread lich
 44519 | Depths:2 | Killed a dread lich
 44942 | Depths:2 | Reached XP level 23. HP: 106/153 MP: 0/0
 44942 | Depths:2 | Learned a level 8 spell: Disjunction
 45839 | Depths:3 | Reached skill level 10 in Armour
 46026 | Depths:3 | Identified the +7 scimitar "Duger" {flame, rElec rC- Str+2
                  | Dex+3}
 46068 | Depths:3 | Found Fimy's Antique Weapon Shoppe.
 46449 | Depths:4 | Found Qac Bea's Antique Armour Boutique.
 47056 | Depths:4 | Found a basalt altar of Yredelemnul.
 47148 | Depths:4 | Found a corrupted altar of Lugonu.
 47304 | Depths:4 | Found a runed translucent door.
 47304 | Depths:4 | Noticed a caustic shrike
 47304 | Depths:4 | Noticed a juggernaut
 47314 | Depths:4 | Killed a caustic shrike
 47318 | Depths:4 | Reached skill level 15 in Evocations
 47323 | Depths:4 | Killed a juggernaut
 47431 | Depths:4 | Noticed a juggernaut
 47434 | Depths:4 | Found a runed translucent door.
 47741 | Depths:5 | Entered Level 5 of the Depths
 47807 | Depths:5 | Found Caokuiq's Assorted Antiques.
 47829 | Depths:5 | Bought a tin of tremorstones (2/2) for 1640 gold pieces
 47829 | Depths:5 | Bought a scroll of fog for 82 gold pieces
 47829 | Depths:5 | Bought a scroll of magic mapping for 143 gold pieces
 47834 | Depths:5 | Noticed a golden dragon
 47845 | Depths:5 | Killed a golden dragon
 48578 | Depths:5 | Reached XP level 24. HP: 58/161 MP: 0/0
 48655 | Depths:5 | Paralysed by a floating eye for 3 turns
 49097 | Depths:5 | Reached skill level 16 in Dodging
 49650 | Depths:5 | Found a gate to the Realm of Zot.
 50174 | Elf:1    | Entered Level 1 of the Elven Halls
 50570 | Elf:1    | Found Vuuriss's Magic Scroll Shop.
 50576 | Elf:1    | Bought a scroll of fog for 28 gold pieces
 50576 | Elf:1    | Bought a scroll of enchant armour for 105 gold pieces
 50576 | Elf:1    | Bought a scroll of enchant weapon for 105 gold pieces
 50576 | Elf:1    | Bought a scroll of blinking for 105 gold pieces
 50894 | Elf:1    | Reached skill level 17 in Dodging
 51201 | Elf:2    | Found Huziebank's Antique Weapon Shoppe.
 51205 | Elf:2    | Bought a jewelled long sword for 238 gold pieces
 51205 | Elf:2    | Identified the +6 long sword of the Common Good {venom, rF+
                  | Will+ Dex-3} (You bought it in a shop on level 2 of the
                  | Elven Halls)
 51210 | Elf:2    | Bought a smoking scimitar for 252 gold pieces
 51210 | Elf:2    | Identified the +10 scimitar of Somewhere Else {protect,
                  | *Rage rElec rN+++ Int-2} (You bought it in a shop on level
                  | 2 of the Elven Halls)
 51234 | Elf:2    | Identified the +1 scale mail "Tenupi" {Will++ SInv}
 51320 | Elf:2    | Found a runed translucent door.
 51357 | Elf:2    | Found a runed translucent door.
 51492 | Elf:2    | Identified the +2 dire flail of Extermination {venom,
                  | +Blink}
 51497 | Elf:2    | Identified the +7 quarterstaff "Djinni's Doom" {holy, rF+
                  | Str+4}
 51731 | Elf:2    | Identified the ring "Ynuawidd" {rCorr Str+2 Int-2 Dex+3}
 51924 | Elf:2    | Identified the +1 shortbow "Giantbane" {flame, rElec rPois
                  | rF+ Str-3}
 52131 | Elf:3    | Entered Level 3 of the Elven Halls
 52153 | Elf:3    | Identified Roxanne's Almanac of Stones
 52153 | Elf:3    | Noticed Roxanne
 52166 | Elf:3    | Killed Roxanne
 52252 | Elf:3    | Reached skill level 15 in Spellcasting
 52673 | Elf:3    | Reached skill level 18 in Dodging
 52949 | Elf:3    | Identified the +7 morningstar "Emoikis" {freeze, Int+3}
 53062 | Elf:3    | Reached XP level 25. HP: 63/165 MP: 0/0
 53062 | Elf:3    | Learned a level 9 spell: Fire Storm
 53166 | Elf:3    | Reached skill level 19 in Dodging
 53348 | Elf:3    | Identified the ring of Elyvilon's Castigation {rC+ Str+6
                  | Int+5}
 53989 | Elf:3    | Identified the +4 broad axe of the Ass {drain, Int+2}
 54088 | Elf:3    | Identified the +4 pair of gloves of Inaction {Stlth+}
 54105 | Elf:3    | Identified Qotoc's Volume of Beguiling
 54473 | Vaults:5 | Entered Level 5 of the Vaults
 54708 | Vaults:5 | Reached skill level 20 in Dodging
 55326 | Vaults:5 | Identified the +1 mace of Jesestagg {vorpal, rF+}
 55734 | Vaults:5 | Gained mutation: You sometimes lose the ability to read
                  | scrolls when taking damage. [a cacodemon]
 55826 | Vaults:5 | Noticed a dread lich
 55899 | Vaults:4 | Killed a dread lich
 55943 | Vaults:5 | Reached XP level 26. HP: 173/173 MP: 0/0
 56347 | Vaults:5 | Got a silver rune of Zot
 56353 | Vaults:5 | Identified the Catalogue of Captivating Sinister Arts
 56372 | Vaults:5 | Noticed an ancient lich
 56400 | Vaults:5 | Killed an ancient lich
 56634 | Vaults:5 | Noticed a dread lich
 56663 | Vaults:5 | Killed a dread lich
 56664 | Vaults:5 | Reached skill level 15 in Armour
 56993 | Vaults:5 | Identified the Papyrus of Ashen Companions
 57248 | Crypt:1  | Entered Level 1 of the Crypt
 57627 | Crypt:1  | Noticed Boris
 57645 | Crypt:1  | Killed Boris
 57720 | Crypt:1  | HP: 8/187 [vampire knight/+0 great mace (19)]
 57721 | Crypt:1  | HP: 2/187 [vampire knight/+0 great mace (8)]
 57722 | Crypt:1  | Mangled by a vampire knight

Illustrated notes

Levels and vault maps discovered:
D:1:      dpeg_arrival_more_subterranean_lakeside_camping, layout_basic,
          basic_ecumenical_altar, st_stairs_13, serial_bayou_lake_a
D:2:      layout_loops_cross
D:3:      layout_loops_ring, slow_altar_1, general_overflow_altar
D:4:      layout_cave_pods, nicolae_overflow_hidden_temple, lemuel_doored_altar
D:5:      layout_loops_ring, minmay_temple_entry_trees, nrook_campfire
D:6:      layout_loops_cross, nicolae_ru_great_annihilating_truth,
          minmay_between
D:7:      layout_basic, serial_shops, shop, shop, shop, shop
D:8:      layout_cave_pools, kennysheep_mini, kennysheep_okawaru_gauntlet,
          old_standard_altar, trog_three_pillars_becter,
          nicolae_gozag_cash_rules_everything_around_me,
          minmay_misc_feat_four_crosses, uniq_pikel
D:9:      layout_roguey, special_room [special_room_bee], uniq_gastronok
D:10:     lemuel_ice_spiral_2, layout_basic, serial_rivers,
          chequers_serial_rivers_small_b, chequers_serial_rivers_small_b,
          chequers_serial_rivers_small_3, chequers_serial_rivers_small_b,
          chequers_serial_rivers_room_a, minivault_21, serial_bayou_pond_e,
          hangedman_abyss_or_decor_passed
D:11:     layout_grid_maze, portal_ice_cave_entry_ice_beasts, uniq_erica
D:12:     layout_irregular_city, minmay_orc_entry_temple_small,
          nicolae_dithmenos_shadow_blocks
D:13:     layout_stronghold
D:14:     layout_roguey, david_vaults_3, ashenzari_conservatory_becter,
          corexii_corridor_pit
D:15:     grunt_enter_depths_snipers, layout_stronghold,
          nicolae_hepliaklqana_hazy_memory, st_stairs_10
Temple:   nicolae_temple_x_marks_the_god
Lair:1:   layout_long_grid, basic_altar, minivault_27
Lair:2:   layout_cellular_growth, spider_nest_entry_rubble,
          gammafunk_ghost_wrathful_warriors, st_stairs_8, beast_lair_carwin_10,
          grunt_megastairs_2
Lair:3:   pond_and_an_island_with_a_cottage, layout_chaotic_city,
          minmay_lair_oklob_chamber
Lair:4:   wad_woods_settlement, layout_regular_city, palyth_hydra_swamp_entry,
          nicolae_lair_yak_garden, serial_bayou_shore_a
Lair:5:   statuecave_lemuel, layout_layer_cave, minmay_lair_oklob_items,
          st_stairs_12, grunt_megastairs_4
Lair:6:   gammafunk_lair_ancient_temple, layout_regular_city,
          dpeg_slime_entry_enclosed_altar, st_stairs_3,
          hangedman_lair_generics_rect
Swamp:1:  layout_basic_swamp, evilmike_swamp_ruin_house_1,
          nicolae_swamp_drake_lake, infiniplex_staircase_pool_2
Swamp:2:  layout_basic_swamp, evilmike_swamp_ruin_house_2, swamp_pool2,
          infiniplex_staircase_pool
Swamp:3:  nicolae_swamp_husk_halls, layout_falls_marsh, hangedman_swamp_diagram
Swamp:4:  grunt_swamp_rune_castle, layout_basic_swamp
Spider:1: layout_spider_delve, nicolae_spider_eight_legs
Spider:2: lemuel_spider_zombies
Spider:3: layout_spider_delve
Spider:4: spider_rune_water
Orc:1:    layout_caves, mines1_david, uniq_urug, uniq_harold
Orc:2:    st_orc_open, layout_caves, guppyfry_orc_lava_fort, uniq_maurice,
          uniq_jorgrun, uniq_rupert
Elf:1:    elf_arrival_002, layout_loops_cross, serial_shops, shop_fountains,
          minmay_elf_sorcery, st_stairs_3, dk_noncrumbling_4
Elf:2:    layout_geoelf_octagon, serial_shops, nicolae_shop_behind_doors,
          minmay_the_grid_square_5x5_3x3_mashed
          [minmay_the_grid_square_5x5_inner_i,
          minmay_the_grid_square_5x5_spiral, minmay_the_grid_square_5x5_seven,
          minmay_the_grid_square_5x5_broken_cross,
          minmay_the_grid_square_5x5_megaprize_checkered,
          minmay_the_grid_square_5x5_hourglass,
          minmay_the_grid_square_5x5_fat_x,
          minmay_the_grid_square_5x5_two_small,
          minmay_the_grid_square_5x5_empty]
Elf:3:    grunt_elf_hall_diamonds, layout_loops_cross,
          einodemon_barbed_minivault, uniq_roxanne
Vaults:1: nicolae_vaults_hallways_thing, nicolae_vaults_network_periphery,
          hangedman_vaults_slice, v_alt_pattern_4, grunt_vaults_swirl,
          nicolae_vaults_windows_and_doors_thing, ontoclasm_vaults_chip,
          nicolae_vaults_little_squares_3, grunt_vaults_funnel,
          grunt_vaults_focal, vaults_room_fancy_cross, nicolae_vaults_theta,
          layout_vaults_omnibox
Vaults:2: minmay_crypt_entry_necro_gods, nicolae_vaults_shelves_hall,
          vaults_room_stairs_pillars, hangedman_vaults_capsules,
          vaults_room_corners, hangedman_vaults_cutoff, v_misc_27,
          nicolae_vaults_puzzle_piece, vaults_room_door_ring,
          layout_vaults_omnigrid
Vaults:3: nicolae_vaults_halls_meeting, v_rooms_1, vaults_standard_mumra_x,
          nicolae_vaults_shelves_hall, ontoclasm_vaults_tryst, v_misc_5,
          hangedman_vaults_trim, nicolae_vaults_alarming,
          layout_vaults_big_room, serial_shops, nicolae_shop_crystal,
          serial_hangedman_research, hangedman_research_pyrotechnics,
          hangedman_research_thermodynamics, hangedman_research_quantum,
          hangedman_research_toxicology, uniq_bai_suzhen
Vaults:4: dpeg_vaults_monster_box, nicolae_vaults_meeting, vaults_room_grid,
          vaults_room_grid, nicolae_vaults_what_the_h, hangedman_vaults_nodes,
          vaults_mumra_chevron_long, ontoclasm_vaults_idyll,
          nicolae_vaults_theta, nicolae_vaults_circle_grid_a,
          nicolae_vaults_mini_display_case, vaults_dpeg_ring, v_misc_24,
          nicolae_vaults_little_squares_1, layout_vaults_omnicross
Vaults:5
Crypt:1:  layout_misc_corridors, special_room [special_room_morgue],
          serial_sigils_hangedman_gnaw, lemuel_upstairs_altar,
          grunt_crypt_arrival_webbed, uniq_boris
Depths:1: layout_roguey, rand_demon_pan_entry_8, serial_shops, shop,
          infiniplex_enter_wizlab_water, hellmouth_2, grunt_decor_clamped,
          minmay_starry_boxes, minmay_shop_grove
Depths:2: minmay_inner_zag, layout_cross, enter_ziggurat_d,
          pf_hell_entry_tar_river, abyss_entry, hangedman_decor_points,
          item_on_display_a
Depths:3: kennysheep_bubbly, layout_basic, rand_demon_pan_entry_5, hell_entry,
          grunt_decor_cap, minmay_shop_star
Depths:4: minmay_expanding_circles, layout_cave_shapes,
          hellmonk_bongcloud_opening, hell_entry, serial_shops, shop,
          abyss_entry_flame_altar, yredelemnul_forgotten_temple_becter
Depths:5: evilmike_zot_entry_hall, layout_cave_pools, nicolae_sextant,
          abyss_entry_crystal, serial_shops, shop, grunt_pan_entry_sceptre,
          grunt_hell_entry_dis_mu, grunt_ministairs_15

Skill      XL: |  1  2  3  4  5  6  7  8  9 10 11 12 13 14 15 16 17 18 19 20 21 22 23 24 25 26 |
---------------+-------------------------------------------------------------------------------+-----
Short Blades   | 3 4 5 |  5.0
Fighting       | 3 4 7 10 13 15 16 17 18 19 | 19.0
Spellcasting   | 1 2 3 4 6 8 9 11 12 13 15 | 15.3
Dodging        | 2 4 6 9 10 12 13 15 18 20 | 20.0
Crossbows      | 3 6 7 |  7.3
Invocations    | 4 7 10 11 13 15 | 15.0
Shields        | 2 4 7 8 10 11 14 15 | 15.0
Armour         | 4 6 9 11 13 15 | 15.5
Long Blades    | 2 6 8 10 12 13 | 13.6
Evocations     | 2 6 7 8 11 12 14 15 | 15.0
Throwing       | |  1.5

Action                   |  1- 3 |  4- 6 |  7- 9 | 10-12 | 13-15 | 16-18 | 19-21 | 22-24 | 25-27 || total
-------------------------+-------+-------+-------+-------+-------+-------+-------+-------+-------++-------
Melee: Dagger            |    63 |   160 |   354 |   706 |   317 |   198 |    14 |       |       ||  1812
       Falchion          |       |       |       |   155 |   940 |   617 |   411 |       |       ||  2123
       Scimitar          |       |       |       |    21 |       |       |       |       |       ||    21
       Long sword        |       |       |       |       |    99 |   571 |       |       |       ||   670
       Double sword      |       |       |       |       |       |       |  1019 |  1777 |   863 ||  3659
 Fire: Hand crossbow     |    49 |     3 |    12 |     5 |       |    13 |       |       |       ||    82
Throw: Dart              |       |       |     1 |       |       |       |       |       |       ||     1
 Cast: Sting             |       |     1 |       |    11 |       |       |       |       |       ||    12
       Summon Lightning  |       |       |       |     1 |     1 |       |     1 |       |       ||     3
       Lesser Beckoning  |       |       |       |       |       |     1 |       |       |       ||     1
       Eringya's Noxious |       |       |       |       |       |       |     2 |     1 |       ||     3
       Monstrous Menager |       |       |       |       |       |       |       |     1 |       ||     1
       Dispersal         |       |       |       |       |       |       |       |       |     1 ||     1
Invok: Recall Ancestor   |       |     1 |       |     2 |     2 |     3 |     4 |     4 |     2 ||    18
       Ancestor Life: He |       |       |       |     1 |       |       |       |       |       ||     1
       Idealise          |       |       |       |     2 |     7 |     7 |     6 |     6 |     7 ||    35
       Transference      |       |       |       |     1 |     4 |     1 |     1 |     3 |     7 ||    17
Evoke: Wand              |       |     3 |       |    18 |     1 |    17 |    17 |    10 |     3 ||    69
       Condenser vane    |       |       |       |       |     3 |     4 |     6 |     6 |     2 ||    21
       Box of beasts     |       |       |       |       |       |       |     1 |     1 |       ||     2
       Tin of tremorston |       |       |       |       |       |       |       |       |     4 ||     4
       Phantom mirror    |       |       |       |       |       |       |       |       |     1 ||     1
  Use: Scroll            |       |    11 |     3 |     7 |    10 |     6 |    15 |     8 |     2 ||    62
       Potion            |       |       |       |     1 |     3 |     2 |     6 |     5 |       ||    17
 Stab: Distracted        |       |       |     2 |     4 |     7 |    17 |    19 |    28 |    18 ||    95
       Sleeping          |       |       |     1 |     1 |     1 |     1 |     1 |     7 |     3 ||    15
       Invisible         |       |       |     1 |       |       |       |       |       |       ||     1
       Confused          |       |       |       |    19 |    32 |    36 |    81 |    72 |    42 ||   282
       Petrified         |       |       |       |       |     3 |       |       |       |       ||     3
       Paralysed         |       |       |       |       |    45 |   137 |   115 |   124 |    59 ||   480
Armor: Robe              |    13 |     9 |       |       |       |       |       |       |       ||    22
       Leather armour    |       |     5 |    34 |       |   170 |   209 |   233 |   275 |   161 ||  1087
       Ring mail         |       |       |    36 |   190 |       |       |       |       |       ||   226
       Troll leather arm |       |       |       |    59 |   179 |       |       |       |       ||   238
       Ice dragon scales |       |       |       |       |       |       |       |    25 |       ||    25
Dodge: Dodged            |    42 |    73 |   244 |   680 |  1131 |   966 |   852 |   914 |   515 ||  5417
Block: Other             |     2 |    10 |       |       |       |       |       |       |       ||    12
       Reflection        |       |     1 |       |       |     3 |    20 |    27 |    49 |    16 ||   116
       Buckler           |       |       |     7 |   235 |   217 |       |       |       |       ||   459
       Kite shield       |       |       |       |       |   321 |   733 |   691 |   821 |   465 ||  3031
       Rpst.: Falchion   |       |       |       |    49 |   208 |    83 |    31 |       |       ||   371
       Scimitar          |       |       |       |     6 |       |       |       |       |       ||     6
       Long sword        |       |       |       |       |    16 |    79 |       |       |       ||    95
       Double sword      |       |       |       |       |       |       |   111 |   181 |    94 ||   386

Table legend: (Time is in decaauts)
 A = Elapsed time spent in this place.
 B = Non-inter-level travel time spent in this place.
 C = Inter-level travel time spent in this place.
 D = Time resting spent in this place.
 E = Time spent auto-exploring this place.
 F = Levels seen in this place.
 G = Mean time per level.
                   A        B        C        D        E       F      G
               +--------+--------+--------+--------+--------+-----+--------+
         Total |  56331 |  51261 |   5070 |   2533 |  32996 |  48 | 1173.6 |
       Dungeon |  15717 |  13859 |   1858 |    326 |   9842 |  15 | 1047.8 |
        Temple |     62 |     53 |      9 |      0 |     43 |   1 |   62.0 |
          Lair |   7537 |   6409 |   1128 |    115 |   4454 |   6 | 1256.2 |
         Swamp |   3324 |   3199 |    125 |    379 |   1979 |   4 |  831.0 |
   Spider Nest |   4581 |   4109 |    472 |    277 |   2316 |   4 | 1145.2 |
  Orcish Mines |   2274 |   2171 |    103 |    454 |    952 |   2 | 1137.0 |
   Elven Halls |   3996 |   3778 |    218 |    142 |   2277 |   3 | 1332.0 |
        Vaults |  10026 |   9308 |    718 |    341 |   6051 |   5 | 2005.2 |
         Crypt |    450 |    450 |      0 |      0 |    190 |   1 |  450.0 |
        Depths |   7489 |   7052 |    437 |    470 |   4408 |   5 | 1497.8 |
      Ice Cave |     13 |     13 |      0 |      0 |      0 |   1 |   13.0 |
        Wizlab |    855 |    855 |      0 |     28 |    483 |   1 |  855.0 |
               +--------+--------+--------+--------+--------+-----+--------+

Top non-repeatable levels by time:
Vaults:5: 2210 daAuts
Vaults:3: 2136 daAuts
Vaults:1: 2109 daAuts
Vaults:2: 1989 daAuts
Depths:5: 1689 daAuts
   Elf:3: 1605 daAuts
Depths:1: 1597 daAuts
Vaults:4: 1580 daAuts
Depths:4: 1550 daAuts
  Lair:2: 1538 daAuts
Depths:2: 1503 daAuts
  Lair:4: 1488 daAuts
    D:13: 1415 daAuts
     D:3: 1374 daAuts
   Elf:2: 1342 daAuts
